 Dungeon Crawl Stone Soup version 0.17.1-3-g152610e (webtiles) character file.

450 kaze the Slasher (level 6, -4/48 HPs)
             Began as a Demonspawn Gladiator on Apr 6, 2016.
             Slain by an ogre
             ... wielding a +0 giant spiked club
              (17 damage)
             ... on level 4 of the Dungeon.
             The game lasted 00:11:32 (4696 turns).

kaze the Slasher (Demonspawn Gladiator)             Turns: 4696, Time: 00:11:32

Health: -4/48      AC: 16    Str: 17      XL:     6   Next: 74%
Magic:  6/6        EV:  5    Int: 10      God:
Gold:   171        SH:  0    Dex: 15 (17) Spells: 0 memorised, 5 levels left

rFire  . . .     SeeInvis .     j - +2 mace of Vuthommici {flame, rN+ Dex+4}
rCold  + . .     Clarity  .     w - +0 plate armour
rNeg   + . .     SustAt   .     (no shield)
rPois  .         Gourm    .     c - +0 helmet
rElec  .         Spirit   .     (no cloak)
rCorr  .         Warding  .     i - +0 pair of gloves (curse)
rMut   .         Stasis   .     (no boots)
MR     .....                    (no amulet)
Stlth  ..........               (no ring)
                                (no ring)

@: not resistant to hostile enchantments, extremely unstealthy
A: talons 1, icy blue scales 2, cold resistance 1
a: no special abilities


You were on level 4 of the Dungeon.
You were not hungry.

You visited 1 branch of the dungeon, and saw 4 of its levels.

You collected 171 gold pieces.

Inventory:

Hand Weapons
 a - a +0 long sword
 j - the +2 mace of Vuthommici (weapon) {flame, rN+ Dex+4}
   (You found it on level 4 of the Dungeon)

   It has been specially enchanted to burn those struck by it, causing extra
   injury to most foes and up to half again as much damage against particularly
   susceptible opponents.
   It affects your dexterity (+4).
   It protects you from negative energy.
 r - a +0 blowgun
Missiles
 s - 6 poisoned needles
Armour
 c - a +0 helmet (worn)
 i - a cursed +0 pair of gloves (worn)
 w - a +0 plate armour (worn)
Wands
 n - a wand of fireball (5)
Scrolls
 e - a scroll of remove curse {unknown}
 k - 7 scrolls of identify {unknown}
 l - a scroll of teleportation {unknown}
 q - a scroll of random uselessness {unknown}
 v - 2 scrolls of magic mapping {unknown}
Potions
 g - a potion of brilliance
 o - a potion of cancellation
Comestibles
 b - 2 fruits
 f - 2 slices of pizza
 h - a beef jerky
 m - a meat ration
 t - 3 bread rations


   Skills:
 + Level 3.7 Fighting
 + Level 4.5 Long Blades
 + Level 2.0 Throwing
 + Level 2.8 Armour
 + Level 3.9 Dodging
 + Level 0.6 Stealth


You had 5 spell levels left.
You didn't know any spells.

Dungeon Overview and Level Annotations

Branches:
Dungeon (4/15)
 Temple: D:4-7

Altars:
Gozag
Vehumet


Innate Abilities, Weirdness & Mutations

You have sharp toenails.
You are mostly covered in icy blue scales (AC +3, EV -1).
Your flesh is cold resistant.


Message History

You barely miss the ogre. You claw the ogre, but do no damage.
The ogre is severely wounded.
The ogre hits you with a giant spiked club!
Your plate armour prevents you from hitting the ogre.
You claw the ogre, but do no damage.
The ogre is severely wounded.
The ogre hits you with a giant spiked club!
* * * LOW HITPOINT WARNING * * *
Drink which item? (? for menu, Esc to quit)
You feel better. The ogre closely misses you.
You hit the ogre. You burn the ogre.
The ogre is severely wounded.
The ogre completely misses you.
You hit the ogre. You burn the ogre.
The ogre is almost dead.
The ogre barely misses you.
You hit the ogre. You burn the ogre.
The ogre is almost dead.
The ogre hits you with a giant spiked club!
You die...

..........#######...##
..#######.# ##.## ..#
#.# ###.# ### #.#
###...######## #
#.####............. #
#...##.#.##########
#########.#.##.#.#
....##.......#.#.#
###.##.#.......#@#
#.##....#..###O#
#.#............. ###.
### #..........###..#
#.. ... ..##
#.##............# #.#
##.##.##
##.#............#
#.###...#.##
##.#..##.#######
#.##......## ##..###.#
#.##........ #..# #.#
#.##......##


You could see an ogre.

Vanquished Creatures
  A phantom (D:4)
  2 orc priests (D:4)
  A giant frog skeleton (D:4)
  2 worker ants (D:4)
  An orc wizard (D:4)
  3 gnolls (D:3)
  5 adders
  5 worms (D:2)
  4 giant geckos
  6 orcs
  A ball python (D:2)
  5 giant cockroaches
  9 goblins
  12 hobgoblins
  5 jackals
  9 kobolds
  8 bats
  A giant gecko skeleton (D:4)
  4 giant newts
  8 rats
92 creatures vanquished.

Notes
Turn   | Place    | Note
--------------------------------------------------------------
     0 | D:1      | kaze the Demonspawn Gladiator began the quest for the Orb.
     0 | D:1      | Reached XP level 1. HP: 16/16 MP: 1/1
     3 | D:1      | Noticed an electric eel
     3 | D:1      | Noticed an electric eel
    98 | D:1      | Gained mutation: You are partially covered in icy blue scales (AC +1). [demonic ancestry]
    98 | D:1      | Reached XP level 2. HP: 19/22 MP: 2/2
   127 | D:1      | Reached skill level 3 in Long Blades
   932 | D:2      | Found an opulent altar of Gozag.
   978 | D:2      | Gained mutation: You have sharp toenails. [demonic ancestry]
   978 | D:2      | Reached XP level 3. HP: 27/27 MP: 3/3
  1026 | D:2      | HP: 1/28 [poisoned by an adder]
  1832 | D:2      | Reached skill level 1 in Armour
  1850 | D:2      | Gained mutation: You are mostly covered in icy blue scales (AC +3, EV -1). [demonic ancestry]
  1850 | D:2      | Reached XP level 4. HP: 19/34 MP: 4/4
  2513 | D:2      | Found a faded altar to an unknown god.
  2549 | D:2      | Became a worshipper of Vehumet
  2549 | D:2      | Reached * piety under Vehumet
  2549 | D:2      | Offered knowledge of Magic Dart by Vehumet.
  2671 | D:2      | Fell from the grace of Vehumet
  2962 | D:3      | Gained mutation: Your flesh is cold resistant. [demonic ancestry]
  2962 | D:3      | Reached XP level 5. HP: 17/40 MP: 5/5
  3300 | D:3      | Found a radiant altar of Vehumet.
  3647 | D:4      | Reached skill level 4 in Long Blades
  3722 | D:4      | Noticed a phantom
  3759 | D:4      | Killed a phantom
  3759 | D:4      | Reached XP level 6. HP: 40/47 MP: 6/6
  4646 | D:4      | Got a transparent mace
  4647 | D:4      | Identified the +2 mace of Vuthommici {flame, rN+ Dex+4} (You found it on level 4 of the Dungeon)
  4696 | D:4      | Slain by an ogre

Action                   |  1- 3 |  4- 6 || total
-------------------------+-------+-------++-------
Melee: Long sword        |   187 |   272 ||   459
       Mace              |       |     7 ||     7
 Fire: Blowgun           |       |     4 ||     4
Invok: Renounce Religion |       |     1 ||     1
  Use: Potion            |     2 |     9 ||    11
  Eat: Chunk             |     1 |     5 ||     6
       Bread ration      |     1 |       ||     1
       Fruit             |       |     5 ||     5
